 Dungeon Crawl Stone Soup version 0.27-a0-1184-ge86db4a01e (webtiles) character file.

Game seed: 6877075305055436711

418677 siradein the Hand of Fortune (level 23, -13/207 HPs)
             Began as a Hill Orc Fighter on May 12, 2021.
             Was the Champion of Nemelex Xobeh.
             Mangled by a deep elf blademaster
             ... wielding a +0 rapier
              (15 damage)
             ... on level 3 of the Elven Halls on May 19, 2021.
             The game lasted 04:51:50 (55348 turns).

siradein the Hand of Fortune (Hill Orc Fighter)    Turns: 55348, Time: 04:51:53

Health: -13/207    AC: 19    Str: 30    XL:     23   Next: 66%
Magic:  24/39      EV: 20    Int: 15    God:    Nemelex Xobeh [******]
Gold:   1954       SH: 19    Dex: 12    Spells: 22/26 levels left

rFire    . . .     SeeInvis +   w - +5 broad axe of Conscience {protect, Int+3}
rCold    + . .     Faith    +   T - +4 kite shield {reflect}
rNeg     . . .     Spirit   .   X - +4 troll leather armour
rPois    .         Reflect  +   W - +0 helmet "Loitaysh" {rElec Int+4}
rElec    +         Harm     .   E - +0 cloak
rCorr    .         Rampage  .   K - +0 pair of gloves {archery}
Will     +....                  m - +2 pair of boots {Fly}
Stlth    +.........             p - amulet of faith
HPRegen  1.44/turn              H - ring of see invisible
MPRegen  0.26/turn              y - ring "Ecwe Omn" {rC+ EV+4 Str+3}

@: unable to read, flying, hasted, studying 2 skills, very quick
A: inability to read while threatened
}: 2/15 runes: serpentine, barnacled
a: Renounce Religion, Draw Escape, Draw Destruction, Draw Summoning, Triple
Draw, Deal Four, Stack Five


You were on level 3 of the Elven Halls.
You worshipped Nemelex Xobeh.
Nemelex Xobeh was exalted by your worship.
You visited 8 branches of the dungeon, and saw 39 of its levels.
You visited the Abyss 1 time.

You collected 4723 gold pieces.
You spent 2769 gold pieces at shops.

Inventory:

Hand Weapons
 a - the +10 zealot's sword {holy, *Rage rN+ EV+3}
   (You found it on level 1 of the Snake Pit)

   It has been blessed by the Shining One to cause great damage to the undead
   and demons.
   It affects your evasion (+3).
   It protects you from negative energy.
   It may make you go berserk in combat.
 w - the +5 broad axe of Conscience (weapon) {protect, Int+3}
   (You bought it in a shop on level 2 of the Orcish Mines)

   It grants its wielder temporary protection when it strikes (+7 to AC).
   It affects your intelligence (+3).
 z - the +8 war axe "Toecs" {freeze, rPois Dex+5}
   (You bought it in a shop on level 4 of the Dungeon)

   It has been specially enchanted to freeze those struck by it, causing extra
   injury to most foes and up to half again as much damage against particularly
   susceptible opponents.
   It can also slow down cold-blooded creatures.
   It affects your dexterity (+5).
   It protects you from poison.
 I - the +7 flail of Beogh's Reproof {antimagic, rCorr}
   (You found it on level 11 of the Dungeon)

   It reduces the magical energy of the wielder, and disrupts the spells and
   magical abilities of those hit.
   Natural abilities and divine invocations are not affected.
   It protects you from acid and corrosion.
Missiles
 x - 7 throwing nets
 Q - 15 curare-tipped darts
Armour
 m - a +2 pair of boots of flying (worn)
 E - a +0 cloak (worn)
 K - a +0 pair of gloves of archery (worn)
 T - a +4 kite shield of reflection (worn)
 W - the +0 helmet "Loitaysh" (worn) {rElec Int+4}
   (You found it on level 1 of the Lair of Beasts)

   It affects your intelligence (+4).
   It insulates you from electricity.
 X - a +4 troll leather armour (worn)
Jewellery
 b - a ring of protection from cold
 p - an amulet of faith (around neck)
 y - the ring "Ecwe Omn" (right hand) {rC+ EV+4 Str+3}
   (You bought it in a shop on level 2 of the Orcish Mines)

   [ring of evasion]

   It affects your evasion (+4).
   It affects your strength (+3).
   It protects you from cold.
 H - a ring of see invisible (left hand)
 M - a +4 ring of evasion
 S - the ring "Geng" {Fire Str+4}
   (You found it on level 4 of the Snake Pit)

   [ring of fire]

   It enhances your fire magic.
   It affects your strength (+4).
   It protects you from fire.
   It makes you vulnerable to cold.
Wands
 c - a wand of charming (2)
 e - a wand of mindburst (75)
 r - a wand of paralysis (6)
 t - a wand of polymorph (66)
 v - a wand of iceblast (72)
 G - a wand of digging (3)
 L - a wand of acid (26)
 U - a wand of flame (108)
Scrolls
 f - 8 scrolls of fear
 h - 8 scrolls of teleportation
 i - a scroll of blinking
 q - 3 scrolls of silence
 s - 5 scrolls of enchant weapon
 u - 7 scrolls of magic mapping
 A - 5 scrolls of brand weapon
 B - 3 scrolls of holy word
 D - 4 scrolls of summoning
 F - 4 scrolls of fog
 N - 5 scrolls of immolation
 Z - 4 scrolls of identify
Potions
 d - 18 potions of curing
 g - 4 potions of mutation
 j - 2 potions of magic
 k - 3 potions of berserk rage
 l - 2 potions of resistance
 n - 7 potions of flight
 o - 5 potions of haste
 C - 4 potions of lignification
 J - a potion of heal wounds
 O - 3 potions of ambrosia
 P - 3 potions of cancellation
 R - 5 potions of might
 V - 2 potions of invisibility
 Y - 4 potions of attraction


   Skills:
 + Level 17.7 Fighting
 + Level 11.3 Long Blades
 - Level 16.4(18.0) Axes
 - Level 11.1(14.0) Maces & Flails
 + Level 16.4 Armour
 + Level 10.8 Dodging
 + Level 16.4 Shields
 + Level 2.0 Spellcasting
 + Level 2.3 Translocations
 + Level 2.0 Transmutations
 * Level 24.7 Invocations


You had 22 spell levels left.
You knew the following spells:

 Your Spells              Type           Power      Damage    Failure   Level
a - Blink                 Tloc           N/A        N/A       14%         2
b - Wereblood             Tmut           7%         N/A       16%         2

Your spell library contained the following spells:

 Spells                   Type           Power      Damage    Failure   Level
 Apportation              Tloc           16%        N/A       9%          1
 Beastly Appendage        Tmut           14%        N/A       11%         1
 Animate Skeleton         Necr           2%         N/A       24%         1
 Corona                   Hex            1%         N/A       24%         1
 Freeze                   Ice            4%         1d3       24%         1
 Magic Dart               Conj           4%         1d3       24%         1
 Sandblast                Erth           2%         2d4       24%         1
 Shock                    Conj/Air       4%         1d3       24%         1
 Summon Small Mammal      Summ           4%         N/A       24%         1
 Passwall                 Tmut/Erth      3%         N/A       24%         2
 Lesser Beckoning         Tloc           4%         N/A       26%         3
 Call Imp                 Summ           1%         N/A       34%         2
 Corpse Rot               Necr/Air       N/A        N/A       34%         2
 Ensorcelled Hibernation  Hex/Ice        2%         N/A       34%         2
 Searing Ray              Conj           2%         3d3       34%         2
 Slow                     Hex            1%         N/A       34%         2
 Static Discharge         Conj/Air       1%         N/A       34%         2
 Portal Projectile        Hex/Tloc       10%        N/A       41%         3
 Spider Form              Tmut/Pois      2%         N/A       43%         3
 Ignite Poison            Fire/Tmut/Pois 3%         N/A       47%         3
 Call Canine Familiar     Summ           1%         N/A       56%         3
 Confusing Touch          Hex            1%         N/A       56%         3
 Conjure Flame            Conj/Fire      1%         6-21      56%         3
 Dazzling Flash           Conj/Hex       2%         N/A       56%         3
 Frozen Ramparts          Ice            2%         1d2       56%         3
 Mephitic Cloud           Conj/Pois/Air  1%         N/A       56%         3
 Ozocubu's Armour         Ice            1%         N/A       56%         3
 Stone Arrow              Conj/Erth      2%         3d7       56%         3
 Summon Guardian Golem    Hex/Summ       1%         N/A       56%         3
 Swiftness                Air            1%         N/A       56%         3
 Tukima's Dance           Hex            1%         N/A       56%         3
 Iskenderun's Mystic Bla  Conj/Tloc      5%         2d3       82%         4
 Ice Form                 Ice/Tmut       4%         N/A       83%         4
 Petrify                  Tmut/Erth      4%         N/A       83%         4
 Airstrike                Air            0%         N/A       93%         4
 Animate Armour           Summ/Erth      2%         N/A       93%         4
 Cause Fear               Hex            0%         N/A       93%         4
 Fulminant Prism          Conj/Hex       0%         3d6       93%         4
 Hailstorm                Conj/Ice       1%         3d3       93%         4
 Leda's Liquefaction      Hex/Erth       0%         N/A       93%         4
 Summon Ice Beast         Ice/Summ       1%         N/A       93%         4
 Summon Lightning Spire   Summ/Air       1%         N/A       93%         4
 Hydra Form               Tmut           3%         N/A       96%         5
 Alistair's Intoxication  Tmut/Pois      2%         N/A       99%         5
 Irradiate                Conj/Tmut      2%         3d14      99%         5
 Summon Forest            Summ/Tloc      2%         N/A       99%         5
 Yara's Violent Unravell  Hex/Tmut       2%         3d3       99%         5
 Bolt of Magma            Conj/Fire/Erth 0%         4d4       100%        5
 Fireball                 Conj/Fire      0%         3d3       100%        5
 Lee's Rapid Deconstruct  Erth           0%         3d5*      100%        5
 Lightning Bolt           Conj/Air       0%         1d11      100%        5
 Metabolic Englaciation   Hex/Ice        0%         N/A       100%        5
 Silence                  Hex/Air        0%         N/A       100%        5
 Blade Hands              Tmut           3%         N/A       100%        6
 Conjure Ball Lightning   Conj/Air       0%         3x3d6     100%        6
 Eringya's Noxious Bog    Tmut/Pois      2%         N/A       100%        6
 Invisibility             Hex            1%         N/A       100%        6
 Iron Shot                Conj/Erth      0%         9d1       100%        6
 Starburst                Conj/Fire      0%         8x6d3     100%        6
 Statue Form              Tmut/Erth      2%         N/A       100%        6
 Dragon Form              Tmut           3%         N/A       100%        7
 Summon Hydra             Summ           0%         N/A       100%        7
 Discord                  Hex            0%         N/A       100%        8
 Ignition                 Fire           0%         3d3       100%        8
 Shatter                  Erth           0%         3d5*      100%        9
 Tornado                  Air            0%         N/A       100%        9


Dungeon Overview and Level Annotations

Branches:
Dungeon (15/15)            Temple (1/1) D:5            Lair (6/6) D:9
 Shoals (4/4) Lair:2        Snake (4/4) Lair:3        Slime (0/5) Lair:5
    Orc (2/2) D:11            Elf (3/3) Orc:2        Vaults (4/5) D:13
  Crypt (0/3) Vaults:2     Depths (0/5) D:15

Altars:
Ashenzari
Cheibriados
Dithmenos
Elyvilon
Fedhas
Gozag
Hepliaklqana
Kikubaaqudgha
Makhleb
Nemelex Xobeh
Okawaru
Qazlal
Ru
Sif Muna
Trog
Uskayaw
Vehumet
Wu Jian
Xom
Yredelemnul
Zin
The Shining One
Beogh

Shops:
D:4 (!   Orc:2 =([=   Elf:1 **   Elf:3 *[[:   Vaults:1 (   Vaults:3 *

Portals:
Abyss: Shoals:1

Annotations:
Shoals:1 1 transporter, TODO's ghost, adept DEEE
Snake:4 2 transporters, jejorda2's ghost, adept MfBe
Elf:3 3 runed translucent doors, AtomicRavioli's ghost, adept DsMo


Innate Abilities, Weirdness & Mutations

You sometimes lose the ability to read scrolls when taking damage.


Message History

The deep elf demonologist convulses!
The deep elf blademaster convulses!
Your body is wracked with pain!
* * * LOW HITPOINT WARNING * * *
The deep elf blademaster misses you.
The deep elf blademaster barely misses you.
The Ice Fiend calls on the powers of darkness!
The deep elf demonologist convulses!
The deep elf blademaster convulses!
Your body is wracked with pain!
* * * LOW HITPOINT WARNING * * *
You feel much better.
You block the deep elf blademaster's attack.
The deep elf blademaster hits you but does no damage.
The balrug hits you but does no damage.
The red devil hits you from afar with a +1 demon trident of electrocution!
* * * LOW HITPOINT WARNING * * *
The deep elf blademaster misses you.
You block the deep elf blademaster's attack.
You feel yourself speed up. You block the balrug's attack.
You block the deep elf blademaster's attack.
The deep elf blademaster misses you. You block the red devil's attack.
The balrug gestures at you. Something smites you!
* * * LOW HITPOINT WARNING * * *
The deep elf demonologist gestures wildly while chanting.
The balrug stops burning.
There is an open door here.
The deep elf knight shouts!
You hear a shout! x2
The orc knight shouts!
The minotaur bellows!
The orc warlord shouts!
AtomicRavioli's ghost turns its malevolent gaze towards you.
The deep elf archer shouts!
The orc warlord shouts!
The balrug gestures at you. Something smites you!
* * * LOW HITPOINT WARNING * * *
You completely miss the deep elf blademaster.
The deep elf blademaster is severely wounded.
The deep elf blademaster hits you with a +0 rapier!
* * * LOW HITPOINT WARNING * * *
The deep elf blademaster hits you with a +0 rapier!
You die...
Your body disappears without a glow.

..... #..#e.#..#
..... #..#..#..#
......#..#..#..#
......#..#..3..#
......#..##e∩.## #
......#..24....# #.
......+..#..#..#
#..#########§.#..#..#
#...@e.....2)########
#............#eW...?
############.#o#H#.$
........#c8.8.?
........+o...[#
######+.+..o.)_
........+....)#
........#.8.8.(
##+####.#.#.#..


You could see a deep elf blademaster and a balrug (summoned).

Vanquished Creatures
  Frederick (Vaults:3)
  Bai Suzhen (Shoals:3)
  Jorgrun (D:13)
  Rupert (Orc:2)
  Asterion (Vaults:2)
  2 deep elf blademasters
  2 sphinxes (Vaults:2)
  A quicksilver dragon (Vaults:1)
  Gastronok (Lair:3)
  Kirke (D:14)
  A shadow dragon (Vaults:4)
  A storm dragon (Vaults:1)
  4 nagarajas
  A fire giant (Vaults:1)
  Roxanne (D:14)
  8 deep elf sorcerers
  8 vault wardens
  3 deep elf elementalists (Elf:3)
  12 ironbound preservers
  3 stone giants
  11 very ugly things
  Nessos (D:15)
  An entropy weaver (Vaults:4)
  Azrael (Snake:3)
  3 deep elf demonologists
  2 dire elephants (Vaults:1)
  4 deep elf annihilators
  5 deep elf death magi (Elf:3)
  The ghost of robertstho the Thaumaturge, a journeyman GnFE of Sif Muna (Lair:1)
  Snorg (Orc:2)
  A fire dragon (D:13)
  An ettin (Vaults:1)
  A merfolk javelineer (Shoals:4)
  6 yaktaur captains
  3 deep elf high priests (Elf:3)
  5 hydras
  5 merfolk impalers
  Josephine (Orc:1)
  3 vault guards
  20 naga warriors
  4 ogre magi
  2 great orbs of eyes (Vaults:4)
  2 catoblepae
  6 salamander tyrants
  6 ironbound thunderhulks
  4 alligator snapping turtles
  4 boulder beetles
  16 two-headed ogres
  5 ironbound frosthearts
  11 centaur warriors
  16 anacondas
  3 satyrs
  4 merfolk aquamancers
  26 dancing weapons
  An alligator (Elf:1)
  2 tengu warriors
  Urug (D:13)
  An ironbound beastmaster (Vaults:1)
  A thrashing horror (Shoals:1)
  A deep troll earth mage (Vaults:3)
  17 naga sharpshooters
  8 shock serpents
  19 deep elf knights
  10 salamander mystics
  A hell knight (Vaults:3)
  16 sea snakes
  46 deep trolls
  A goliath frog (Orc:2)
  2 swamp dragons
  A phantasmal warrior (Vaults:3)
  4 lindwurms (Snake:4)
  9 deep elf archers
  9 naga ritualists
  9 wizards
  11 ironbound convokers
  Pikel (D:4)
  2 necromancers
  26 deep elf pyromancers
  29 deep elf zephyrmancers
  7 harpies
  3 oklob plants (Lair:1)
  15 mana vipers
  An orc knight (Vaults:3)
  4 orc sorcerers
  8 cyclopes
  12 manticores
  33 ugly things
  17 slime creatures
  18 salamanders
  11 fauns
  8 merfolk sirens
  A moth of wrath (Orc:2)
  46 black mambas
  6 water nymphs
  An eye of devastation (D:13)
  7 elephants (Lair:4)
  A guardian serpent (shapeshifter) (D:15)
  9 vault sentinels
  9 guardian serpents
  A gargoyle (D:14)
  12 cane toads
  21 naga magi
  2 unseen horrors (shapeshifter)
  An unseen horror (D:12)
  Maggie (D:9)
  3 kobold demonologists (D:12)
  29 yaktaurs
  3 rime drakes
  2 tengu conjurers (D:13)
  2 efreet (D:13)
  2 komodo dragons (Lair:2)
  22 merfolk
  A jumping spider (shapeshifter) (D:14)
  A freezing wraith (D:13)
  16 polar bears
  8 trolls
  9 meliai
  Grinder (D:3)
  6 wind drakes
  Prince Ribbit (D:6)
  A meliai zombie (D:8)
  8 dream sheep
  5 snapping turtles
  A raiju (shapeshifter) (Elf:3)
  5 blink frogs
  4 raiju (Lair:6)
  An air elemental (Elf:1)
  Sigmund (D:4)
  2 shadows
  6 wyverns
  A spriggan (Lair:5)
  9 wraiths
  35 yaks
  3 vampires
  6 hogs
  5 basilisks
  7 water elementals
  6 fire elementals
  A steam dragon (D:8)
  8 vampire mosquitoes
  4 wargs
  A swamp worm (D:9)
  42 nagas
  An acid dragon (D:11)
  11 water moccasins
  10 hell hounds
  An ice beast (D:9)
  11 orc warriors
  26 ogres
  13 black bears
  5 boggarts (Vaults:4)
  22 wolves
  A phantom (D:5)
  22 centaurs
  A lemure (D:4)
  4 kobold brigands
  Blork the orc (D:4)
  16 bullfrogs
  A gnoll sergeant (D:5)
  An earth elemental (Elf:3)
  6 scorpions
  A wyvern zombie (D:6)
  5 killer bees (D:11)
  8 wights
  5 electric eels
  4 howler monkeys
  6 centaur zombies
  8 orc priests
  A gnoll shaman (D:7)
  A hound (D:6)
  4 jellies (Lair:5)
  A bullfrog skeleton (D:6)
  Terence (D:3)
  A scorpion zombie (D:5)
  2 iguanas (D:6)
  21 orc wizards
  4 centaur simulacra
  2 hound skeletons (D:4)
  Robin (D:4)
  9 gnolls
  2 howler monkey zombies
  7 adders
  4 white imps
  2 ufetubi (D:5)
  A worm (D:3)
  4 dart slugs
  51 orcs
  8 endoplasms
  2 giant cockroaches
  14 goblins
  8 hobgoblins
  A jackal (D:9)
  20 kobolds
  2 quokkas
  5 ball pythons
  2 bats
  5 frilled lizards
  5 rats
  2 bushes (Lair:5)
  5 plants
  3 tentacles (Shoals:4)
1381 creatures vanquished.

Vanquished Creatures (collateral kills)
  A shard shrike (Vaults:3)
  A kraken (Shoals:4)
  2 ironbound preservers
  A deep elf annihilator (Elf:3)
  A yaktaur captain (Vaults:4)
  An ironbound thunderhulk (Vaults:4)
  A vault guard (Vaults:2)
  A centaur warrior (Vaults:3)
  An alligator snapping turtle (Shoals:3)
  An ogre mage (D:14)
  A two-headed ogre (D:14)
  3 hydras
  A shock serpent (Snake:1)
  An iron troll (D:13)
  2 sea snakes
  A deep troll (Orc:2)
  A naga ritualist (Snake:1)
  A swamp dragon (Shoals:2)
  An orc knight (Orc:2)
  A cyclops (D:12)
  A manticore (Shoals:2)
  6 ugly things
  2 fauns (Shoals:4)
  A moth of wrath (Lair:1)
  A salamander (Snake:4)
  A black mamba (Snake:1)
  A merfolk siren (Shoals:2)
  2 cane toads (Lair:6)
  A rime drake (Orc:2)
  A polar bear (Lair:6)
  A queen bee (Orc:2)
  A meliai (D:14)
  4 trolls (Orc:2)
  2 merfolk (Shoals:3)
  A wind drake (Shoals:3)
  2 blink frogs (Lair:6)
  A snapping turtle (Shoals:2)
  A wraith (D:13)
  A yak (Lair:6)
  2 water elementals (Shoals:3)
  A fire elemental (Snake:3)
  2 wargs (Lair:6)
  2 water moccasins (Lair:1)
  6 hell hounds
  An orc warrior (Orc:2)
  A black bear (Lair:6)
  A wolf (Lair:6)
  5 ogres (Orc:2)
  An orc wizard (Orc:2)
  4 orcs (Orc:2)
  A tentacle (Shoals:4)
82 creatures vanquished.

Vanquished Creatures (others)
  A wizard (D:15)
  5 harpies
  A deep elf zephyrmancer (Elf:2)
  An ugly thing (Vaults:3)
  A black mamba (Snake:3)
  A tengu conjurer (D:13)
  A water elemental (Shoals:4)
  A naga (Snake:1)
  3 ball lightnings (Lair:1)
  27 fungi
  314 plants
  7 tentacles (Shoals:4)
  A withered plant (Shoals:1)
364 creatures vanquished.

Grand Total: 1827 creatures vanquished

Notes
Turn   | Place    | Note
-------+----------+-------------------------------------------
     0 | D:1      | siradein the Hill Orc Fighter began the quest for the Orb.
     0 | D:1      | Reached XP level 1. HP: 19/19 MP: 1/1
    40 | D:1      | Found a faded altar of an unknown god.
   236 | D:1      | Reached XP level 2. HP: 26/26 MP: 2/2
   864 | D:2      | Reached XP level 3. HP: 26/31 MP: 3/3
   934 | D:2      | Reached skill level 5 in Axes
  1321 | D:2      | Reached XP level 4. HP: 34/39 MP: 4/4
  1595 | D:3      | Noticed Grinder
  1605 | D:3      | Killed Grinder
  1606 | D:3      | Reached XP level 5. HP: 41/45 MP: 5/5
  1606 | D:3      | Reached XP level 6. HP: 46/51 MP: 6/6
  1724 | D:3      | You fall into a shaft and drop 1 floor!
  1725 | D:4      | Noticed Pikel
  1750 | D:4      | Noticed Blork the orc
  1889 | D:4      | You fall into a shaft and drop 2 floors!
  2241 | D:6      | Noticed a water moccasin
  2251 | D:6      | Killed a water moccasin
  2252 | D:6      | Reached XP level 7. HP: 20/57 MP: 7/7
  2295 | D:6      | Reached skill level 10 in Axes
  2578 | D:5      | Entered Level 5 of the Dungeon
  2875 | D:5      | Found a staircase to the Ecumenical Temple.
  2879 | Temple   | Entered the Ecumenical Temple
  3070 | Temple   | Became a worshipper of Nemelex Xobeh the Trickster
  3990 | D:5      | Noticed a yak
  4008 | D:5      | Killed a yak
  4009 | D:5      | Reached XP level 8. HP: 44/64 MP: 8/8
  4735 | D:4      | Killed Pikel
  4737 | D:4      | Killed Blork the orc
  4809 | D:4      | Found Ulizaq's Weapon Shoppe.
  4863 | D:4      | Found Das Omel's Distillery.
  4914 | D:4      | Reached * piety under Nemelex Xobeh
  4940 | D:4      | Noticed Robin
  4948 | D:4      | Killed Robin
  5031 | D:4      | Received a gift from Nemelex Xobeh
  5037 | D:4      | Noticed Sigmund
  5043 | D:4      | Killed Sigmund
  5044 | D:4      | Reached XP level 9. HP: 70/70 MP: 9/9
  5426 | D:3      | Noticed Terence
  5442 | D:3      | Killed Terence
  6160 | D:6      | Noticed Prince Ribbit
  6187 | D:6      | Killed Prince Ribbit
  6327 | D:6      | Reached skill level 15 in Axes
  7223 | D:6      | Reached ** piety under Nemelex Xobeh
  7922 | D:7      | Found a hide-covered altar of Uskayaw.
  7925 | D:7      | Found an ancient bone altar of Kikubaaqudgha.
  7929 | D:7      | Found a blossoming altar of Fedhas.
  7969 | D:7      | You fall into a shaft and drop 3 floors!
  7969 | D:10     | Entered Level 10 of the Dungeon
  7979 | D:10     | Received a gift from Nemelex Xobeh
  8069 | D:9      | Reached skill level 1 in Invocations
  8087 | D:9      | Found a staircase to the Lair.
  8098 | D:8      | Reached skill level 2 in Invocations
  8209 | D:8      | Identified the +10 shortbow of Buihox {freeze, rElec rPois
                  | Will+}
  8521 | D:7      | Reached skill level 3 in Invocations
  8600 | D:7      | Reached XP level 10. HP: 71/79 MP: 12/12
  8666 | D:7      | Found a burning altar of Makhleb.
  8999 | D:7      | Reached skill level 4 in Invocations
  9568 | D:8      | Found a shimmering altar of Xom.
  9601 | D:8      | Reached skill level 5 in Fighting
  9601 | D:8      | Reached skill level 5 in Invocations
  9737 | D:8      | Reached *** piety under Nemelex Xobeh
 10248 | D:8      | Reached skill level 5 in Shields
 10248 | D:8      | Reached skill level 6 in Invocations
 10311 | D:8      | Reached skill level 5 in Armour
 10842 | D:8      | Found a stormy altar of Qazlal.
 10938 | D:9      | Noticed Maggie
 10951 | D:8      | Reached skill level 7 in Invocations
 11276 | D:9      | Noticed a wizard
 11907 | D:9      | Reached skill level 8 in Invocations
 11922 | D:9      | Killed Maggie
 11923 | D:9      | Reached XP level 11. HP: 63/91 MP: 17/17
 12237 | D:9      | a wizard changed into a swamp worm
 12408 | D:9      | Reached skill level 9 in Invocations
 12425 | D:9      | Received a gift from Nemelex Xobeh
 12430 | D:9      | Found a sacrificial altar of Ru.
 13846 | D:11     | Reached skill level 10 in Invocations
 14336 | D:11     | Identified the +7 flail of Beogh's Reproof {antimagic,
                  | rCorr}
 14366 | D:11     | Found a staircase to the Orcish Mines.
 14366 | D:11     | Reached **** piety under Nemelex Xobeh
 14381 | D:11     | Received a gift from Nemelex Xobeh
 14925 | Lair:1   | Entered Level 1 of the Lair of Beasts
 14925 | Lair:1   | Noticed a moth of wrath
 14933 | Lair:1   | Reached skill level 1 in Maces & Flails
 15367 | Lair:1   | Found a transporter.
 15377 | Lair:1   | Found a transporter.
 15609 | Lair:1   | Reached skill level 11 in Invocations
 15643 | Lair:1   | Noticed robertstho's ghost (journeyman GnFE)
 15829 | D:4      | Bought the +8 war axe "Toecs" {freeze, rPois Dex+5} for 884
                  | gold pieces
 16002 | Lair:1   | Received a gift from Nemelex Xobeh
 16089 | Lair:1   | Reached XP level 12. HP: 89/102 MP: 20/20
 16213 | Lair:1   | Reached ***** piety under Nemelex Xobeh
 16245 | Lair:1   | Received a gift from Nemelex Xobeh
 17298 | Lair:2   | Noticed a seven-headed hydra
 17543 | Lair:1   | Killed a seven-headed hydra
 17955 | Lair:2   | Reached skill level 12 in Invocations
 17965 | Lair:2   | Received a gift from Nemelex Xobeh
 18031 | Lair:2   | Identified the +3 whip of the Shimmering Traitor {pain,
                  | Str+4}
 18121 | Lair:2   | Received a gift from Nemelex Xobeh
 18155 | Lair:2   | Found a staircase to the Shoals.
 18940 | Lair:2   | Found a stormy altar of Qazlal.
 19244 | Lair:3   | Noticed Sonja
 19245 | Lair:3   | Noticed Sonja
 19245 | Lair:3   | Sonja changed into Sonja the hog
 19250 | Lair:3   | Killed Sonja the hog
 19304 | Lair:3   | Received a gift from Nemelex Xobeh
 19333 | Lair:3   | Noticed Gastronok
 19340 | Lair:3   | Killed Gastronok
 19790 | Lair:3   | Found a staircase to the Snake Pit.
 19987 | Lair:3   | Reached skill level 13 in Invocations
 20133 | Lair:3   | Reached XP level 13. HP: 108/111 MP: 22/22
 20605 | Lair:4   | Reached skill level 5 in Maces & Flails
 20893 | Lair:4   | Identified the +9 quarterstaff of Ibaac {distort, rC+++
                  | Dex+5 Stlth-}
 21036 | Lair:4   | Received a gift from Nemelex Xobeh
 21074 | Lair:4   | Reached skill level 10 in Fighting
 21372 | Lair:4   | Received a gift from Nemelex Xobeh
 21630 | Lair:4   | Reached skill level 14 in Invocations
 22115 | Lair:5   | Received a gift from Nemelex Xobeh
 22222 | Lair:5   | You fall into a shaft and drop 1 floor!
 22222 | Lair:6   | Entered Level 6 of the Lair of Beasts
 22531 | Lair:5   | Received a gift from Nemelex Xobeh
 22605 | Lair:5   | Found a staircase to the Slime Pits.
 22701 | Lair:5   | Reached ****** piety under Nemelex Xobeh
 22971 | Lair:5   | Received a gift from Nemelex Xobeh
 23406 | Lair:1   | Identified the +1 trident "Riojux" {elec, rC+ Dex+8}
 23421 | Lair:1   | Killed robertstho's ghost
 23468 | Lair:1   | Identified the +0 helmet "Loitaysh" {rElec Int+4}
 23938 | Lair:6   | Reached skill level 10 in Armour
 23954 | Lair:6   | Reached skill level 10 in Shields
 23969 | Lair:6   | Reached skill level 15 in Invocations
 23992 | Lair:6   | Reached XP level 14. HP: 12/122 MP: 25/25
 24712 | Lair:6   | Received a gift from Nemelex Xobeh
 26213 | Orc:1    | Entered Level 1 of the Orcish Mines
 26214 | Orc:1    | Noticed Josephine
 26218 | Orc:1    | Received a gift from Nemelex Xobeh
 26222 | Orc:1    | Killed Josephine
 27033 | Orc:2    | Entered Level 2 of the Orcish Mines
 27091 | Orc:2    | Noticed Snorg
 27097 | Orc:2    | Killed Snorg
 27159 | Orc:2    | Found a roughly hewn altar of Beogh.
 27167 | Orc:2    | Reached skill level 1 in Dodging
 27271 | Orc:2    | Received a gift from Nemelex Xobeh
 27427 | Orc:2    | Found a staircase to the Elven Halls.
 27431 | Orc:2    | Reached skill level 16 in Invocations
 27459 | Orc:2    | Paralysed by something for 3 turns
 27499 | Orc:2    | Identified the -2 quarterstaff of Bodily Harmony {protect,
                  | +Blink rPois Stlth+}
 27623 | Orc:2    | Noticed Rupert
 27641 | Orc:2    | Killed Rupert
 27676 | Orc:2    | Reached XP level 15. HP: 114/132 MP: 27/27
 27703 | Orc:2    | Found Erethyuff's Jewellery Shoppe.
 27724 | Orc:2    | Found Mufeep's Antique Armour Boutique.
 27729 | Orc:2    | Found Posecvoz's Weapon Emporium.
 27730 | Orc:2    | Found Oledacw's Jewellery Emporium.
 27735 | Orc:2    | Received a gift from Nemelex Xobeh
 27747 | Orc:2    | Bought the +5 broad axe of Conscience {protect, Int+3} for
                  | 560 gold pieces
 27753 | Orc:2    | Bought the ring "Ecwe Omn" {rC+ EV+4 Str+3} for 731 gold
                  | pieces
 28142 | D:12     | Received a gift from Nemelex Xobeh
 28344 | D:12     | Found a hazy altar of Hepliaklqana.
 28664 | D:12     | Received a gift from Nemelex Xobeh
 29346 | D:13     | Reached skill level 17 in Invocations
 29569 | D:13     | Received a gift from Nemelex Xobeh
 29658 | D:13     | Noticed Urug
 29685 | D:13     | Killed Urug
 29804 | D:13     | Found a gate to the Vaults.
 29992 | D:13     | Found the +10 Black Knight's barding {ponderous, rPois rN+}
 30093 | D:13     | Noticed Jorgrun
 30145 | D:13     | Killed Jorgrun
 30665 | D:14     | Paralysed by an ogre mage for 4 turns
 30669 | D:14     | HP: 4/134 [two-headed ogre/+0 giant spiked club (18)]
 30789 | D:14     | Received a gift from Nemelex Xobeh
 30803 | D:14     | Noticed Roxanne
 30985 | D:14     | Reached XP level 16. HP: 56/141 MP: 28/28
 31186 | D:14     | Noticed Kirke
 31191 | D:14     | Noticed a sphinx
 31196 | D:14     | Reached skill level 18 in Invocations
 31196 | D:14     | Noticed a sphinx
 31204 | D:14     | Killed Kirke
 31295 | D:14     | Found an iron altar of Okawaru.
 31666 | D:14     | Identified the -1 long sword "Vughui" {freeze, +Rage rF+}
 31686 | D:14     | Killed Roxanne
 31798 | D:15     | Entered Level 15 of the Dungeon
 31821 | D:15     | Received a gift from Nemelex Xobeh
 31875 | D:15     | Received a gift from Nemelex Xobeh
 32061 | D:15     | Found a staircase to the Depths.
 32080 | D:15     | Reached skill level 10 in Maces & Flails
 32396 | D:15     | Noticed Nessos
 32445 | D:15     | Killed Nessos
 32446 | D:15     | Reached skill level 5 in Dodging
 32586 | D:15     | Received a gift from Nemelex Xobeh
 32640 | D:15     | Upgraded the game from 0.27-a0-1149-g4505690ab0 to
                  | 0.27-a0-1177-g245c70e1c0
 32872 | Shoals:1 | Entered Level 1 of the Shoals
 32872 | Shoals:1 | Found a transporter.
 32931 | Shoals:1 | Noticed a profane servitor
 32932 | Shoals:1 | Noticed TODO's ghost (adept DEEE)
 33011 | Shoals:1 | Found a transporter.
 33012 | Shoals:1 | Found a one-way gate to the infinite horrors of the Abyss.
 33205 | Shoals:1 | Received a gift from Nemelex Xobeh
 33957 | Shoals:2 | Received a gift from Nemelex Xobeh
 34163 | Shoals:2 | Received a gift from Nemelex Xobeh
 34269 | Shoals:2 | Received a gift from Nemelex Xobeh
 34504 | Shoals:2 | Reached skill level 19 in Invocations
 34743 | Shoals:3 | Reached XP level 17. HP: 121/150 MP: 30/30
 34815 | Shoals:3 | Received a gift from Nemelex Xobeh
 34824 | Shoals:3 | Noticed Bai Suzhen
 34826 | Shoals:3 | Identified the -1 trident of Heajafol {vorpal, rPois}
 34834 | Shoals:3 | Killed Bai Suzhen
 35375 | Shoals:3 | Received a gift from Nemelex Xobeh
 35482 | Shoals:4 | Entered Level 4 of the Shoals
 36218 | Shoals:4 | Identified the -1 trident of Iconoclasm {venom, Int+4}
 36849 | Shoals:4 | Identified the Disquisition on the Enthralling Mountains
 36991 | Shoals:4 | Identified the +1 leather armour of Oily Birdsong {Str+2}
 37196 | Shoals:4 | Noticed a kraken
 37218 | Shoals:4 | Killed a kraken
 37393 | Shoals:4 | Got a barnacled rune of Zot
 37571 | Shoals:4 | Received a gift from Nemelex Xobeh
 38094 | Snake:1  | Entered Level 1 of the Snake Pit
 38173 | Snake:1  | Received a gift from Nemelex Xobeh
 38219 | Snake:1  | Found the +10 zealot's sword {holy, *Rage rN+ EV+3}
 38622 | Snake:1  | Received a gift from Nemelex Xobeh
 38640 | Snake:1  | Reached skill level 1 in Long Blades
 38738 | Snake:1  | Reached skill level 20 in Invocations
 38796 | Snake:1  | Found a glowing golden altar of the Shining One.
 38938 | Snake:1  | You fall into a shaft and drop 1 floor!
 38958 | Snake:2  | Reached XP level 18. HP: 144/160 MP: 32/32
 39938 | Snake:2  | Received a gift from Nemelex Xobeh
 40542 | Snake:3  | Received a gift from Nemelex Xobeh
 40543 | Snake:3  | Noticed Azrael
 40545 | Snake:3  | Identified the +0 long sword of Tanud {vorpal, *Noise rN+++
                  | Int-5 SInv}
 40557 | Snake:3  | Killed Azrael
 41215 | Snake:3  | Received a gift from Nemelex Xobeh
 41621 | Snake:4  | Entered Level 4 of the Snake Pit
 41622 | Snake:4  | Received a gift from Nemelex Xobeh
 41641 | Snake:4  | Noticed jejorda2's ghost (adept MfBe)
 41647 | Snake:4  | Found a transporter.
 42199 | Snake:4  | Reached skill level 5 in Long Blades
 42199 | Snake:4  | Reached skill level 21 in Invocations
 42462 | Snake:4  | Reached skill level 15 in Fighting
 42518 | Snake:4  | Received a gift from Nemelex Xobeh
 42583 | Snake:4  | Found a transporter.
 42592 | Snake:4  | Found a bloodstained altar of Trog.
 42725 | Snake:4  | Reached XP level 19. HP: 170/170 MP: 33/33
 43714 | Snake:4  | Got a serpentine rune of Zot
 43923 | Snake:4  | Identified the ring "Geng" {Fire Str+4}
 44018 | Snake:4  | Received a gift from Nemelex Xobeh
 44453 | Vaults:1 | Entered Level 1 of the Vaults
 44613 | Vaults:1 | Received a gift from Nemelex Xobeh
 44760 | Vaults:1 | Received a gift from Nemelex Xobeh
 45078 | Vaults:1 | Noticed Nikola
 45081 | Vaults:1 | Noticed Nikola
 45081 | Vaults:1 | Nikola changed into Nikola the quicksilver dragon
 45088 | Vaults:1 | Killed Nikola the quicksilver dragon
 45089 | Vaults:1 | Reached skill level 22 in Invocations
 45159 | Vaults:1 | Reached XP level 20. HP: 110/180 MP: 35/35
 45168 | Vaults:1 | Cast into level 2 of the Abyss (a wizard)
 45174 | Vaults:1 | Escaped the Abyss
 45299 | Vaults:1 | Reached XP level 21. HP: 188/188 MP: 36/36
 45630 | Vaults:1 | Found Deatiehu's Antique Weapon Shoppe.
 45643 | Vaults:1 | Received a gift from Nemelex Xobeh
 45786 | Vaults:1 | Received a gift from Nemelex Xobeh
 46226 | Vaults:2 | Paralysed by a sphinx for 2 turns
 46232 | Vaults:2 | Reached skill level 15 in Armour
 46492 | Vaults:2 | Noticed Asterion
 46496 | Vaults:2 | Gained mutation: You sometimes lose the ability to read
                  | scrolls when taking damage. [a cacodemon]
 46509 | Vaults:2 | Killed Asterion
 46558 | Vaults:2 | Received a gift from Nemelex Xobeh
 46650 | Vaults:2 | Reached skill level 15 in Shields
 46675 | Vaults:2 | HP: 7/188 [poisoned by a vault guard]
 46676 | Vaults:2 | HP: 1/188 [poisoned by a vault guard]
 47089 | Vaults:2 | Found a staircase to the Crypt.
 47089 | Vaults:2 | Found a basalt altar of Yredelemnul.
 47090 | Vaults:2 | Found an ancient bone altar of Kikubaaqudgha.
 47682 | Vaults:3 | Noticed Frederick
 47700 | Vaults:3 | Reached skill level 23 in Invocations
 47763 | Vaults:3 | Killed Frederick
 48175 | Vaults:3 | Received a gift from Nemelex Xobeh
 48331 | Vaults:3 | Found Kioloih's Assorted Antiques.
 48358 | Vaults:3 | Noticed Xtahua
 48359 | Vaults:3 | Noticed Xtahua
 48359 | Vaults:3 | Xtahua changed into Xtahua the shard shrike
 48380 | Vaults:3 | Killed Xtahua the shard shrike
 48381 | Vaults:3 | Reached XP level 22. HP: 198/198 MP: 37/37
 48836 | Vaults:3 | Received a gift from Nemelex Xobeh
 49490 | Vaults:4 | Received a gift from Nemelex Xobeh
 49689 | Vaults:4 | Reached skill level 10 in Dodging
 49849 | Vaults:4 | Identified Liedd's Collected Works on Attacks
 49895 | Vaults:4 | Reached skill level 10 in Long Blades
 50012 | Vaults:4 | Received a gift from Nemelex Xobeh
 50133 | Vaults:4 | Received a gift from Nemelex Xobeh
 50525 | Vaults:4 | Identified 2 scrolls of acquirement
 51165 | Elf:1    | Entered Level 1 of the Elven Halls
 51211 | Elf:1    | Reached skill level 24 in Invocations
 51249 | Elf:1    | Upgraded the game from 0.27-a0-1177-g245c70e1c0 to
                  | 0.27-a0-1181-g5f64966fcc
 51495 | Vaults:4 | Acquired a manual of Necromancy
 51497 | Vaults:4 | Acquired a manual of Unarmed Combat
 51760 | Elf:1    | Learned a level 2 spell: Blink
 51763 | Elf:1    | Learned a level 2 spell: Wereblood
 51790 | Elf:1    | Found Toren's Assorted Antiques.
 51838 | Elf:1    | Received a gift from Nemelex Xobeh
 52608 | Elf:1    | Found Lurin's Assorted Antiques.
 52713 | Elf:1    | Received a gift from Nemelex Xobeh
 52923 | Elf:2    | Reached XP level 23. HP: 197/206 MP: 39/39
 53205 | Elf:2    | Found a runed translucent gate.
 53205 | Elf:2    | Found a runed translucent gate.
 53206 | Elf:2    | Found a runed translucent gate.
 53263 | Elf:2    | Upgraded the game from 0.27-a0-1181-g5f64966fcc to
                  | 0.27-a0-1184-ge86db4a01e
 53495 | Elf:2    | Received a gift from Nemelex Xobeh
 53673 | Elf:2    | Reached skill level 1 in Translocations
 53945 | Elf:2    | Reached skill level 1 in Spellcasting
 53945 | Elf:2    | Reached skill level 1 in Transmutations
 54081 | Elf:3    | Entered Level 3 of the Elven Halls
 54131 | Elf:3    | Found Zoixut's Armour Boutique.
 54153 | Elf:3    | Received a gift from Nemelex Xobeh
 54153 | Elf:3    | Found a runed translucent gate.
 54153 | Elf:3    | Found a runed translucent gate.
 54153 | Elf:3    | Found a runed translucent gate.
 54153 | Elf:3    | Noticed AtomicRavioli's ghost (adept DsMo)
 54154 | Elf:3    | Found an iron altar of Okawaru.
 54155 | Elf:3    | Found the +7 Singing Sword {vorpal, sonic wave}
 54165 | Elf:3    | Found Dirauticw's Assorted Antiques.
 54386 | Elf:3    | Received a gift from Nemelex Xobeh
 54419 | Elf:3    | Found Wog Pekk's Book Shoppe.
 54506 | Elf:3    | Found Guifib's Armour Emporium.
 54514 | Elf:3    | Bought a +2 pair of boots of flying for 387 gold pieces
 54514 | Elf:3    | Bought a +0 pair of gloves of archery for 207 gold pieces
 54670 | Elf:3    | Received a gift from Nemelex Xobeh
 55281 | Elf:3    | Identified the +3 great sword of siradein's Anguish
                  | {antimagic, rF+ rCorr Str+3}
 55348 | Elf:3    | HP: 2/207 [deep elf blademaster/+0 rapier (13)]
 55348 | Elf:3    | Mangled by a deep elf blademaster

Illustrated notes

Levels and vault maps discovered:
D:1:      amcnicky_arrival_choice, layout_loops_ring,
          ebering_ecumenical_altar_webs
D:2:      layout_rooms, minmay_pentomino_p4
D:3:      layout_basic, uniq_terence, uniq_grinder
D:4:      layout_basic, serial_shops, shop, shop, uniq_sigmund, uniq_robin,
          uniq_blork_the_orc, uniq_pikel
D:5:      layout_basic, minmay_temple_entry_glassed_door, st_stairs_8,
          kennysheep_generic_room_10
D:6:      layout_loops_ring, serial_co_window_serial, co_window_paths_a,
          co_window_corner_a, co_window_corner_a, co_window_cross_1,
          co_window_paths_a, co_window_unsneaky_path_e,
          co_window_unsneaky_path_b, co_window_unsneaky_path_a,
          co_window_broadway_c, co_window_paths_c, co_window_paths_d,
          co_window_4corner_a, glass_columns_a, glass_columns_a,
          glass_columns_c, chequers_decorated_corner, uniq_prince_ribbit1
D:7:      cheibrodos_quashed, layout_loops_cross, lemuel_tele_altar,
          grunt_temple_overflow_diamond, serial_glass, glass_columns_a,
          glass_columns_a
D:8:      layout_basic, marbit_many_paths, kennysheep_donut,
          kennysheep_flooded_box, st_stairs_13, grunt_ministairs_6
D:9:      layout_rooms, amcnicky_altar_gilded, lair_entry_dummy, serial_ice,
          serial_ice_n, serial_ice_h, serial_ice_d, serial_ice_b, uniq_maggie
D:10:     layout_long_grid
D:11:     layout_gridville, david_orc_2
D:12:     layout_cave_pods, minmay_misc_feat_alley,
          worldfamousw_hep_ancestral_shrine
D:13:     minmay_the_grid_octo_triangle [minmay_the_grid_octo_77,
          minmay_the_grid_octo_prize_big_c, minmay_the_grid_octo_checkered],
          layout_cave_pods, david_vaults_4, uniq_urug, uniq_jorgrun
D:14:     layout_rooms, minivault_23, minmay_misc_feat_five,
          kennysheep_okawaru_gauntlet, uniq_roxanne, uniq_kirke
D:15:     hangedman_depths_entry_civil_slaughter, layout_gridville, uniq_nessos
Temple:   eino_temple_rhombus
Lair:1:   layout_gridlike, gammafunk_ghost_berserking_beasts,
          chequers_serial_rivers_small_a, infiniplex_staircase_pool,
          minmay_lair_oklob_chamber
Lair:2:   layout_regular_city, minmay_shoals_entry_beasts, lemuel_centaur_altar,
          grunt_megastairs_2
Lair:3:   layout_loops_ring, guppyfry_snake_entry_garden, grunt_megastairs_4,
          serial_bayou_shore_a, uniq_sonja, uniq_gastronok
Lair:4:   beast_lair_carwin_large_2, layout_gridlike,
          chequers_serial_rivers_small_a, lemuel_fruit_tree
Lair:5:   layout_gridlike, minmay_slime_entry_pillars,
          grunt_forest_stairs_clearing
Lair:6:   hangedman_lair_caniforms_friends, layout_gridlike,
          nicolae_lair_grove_arrangements
Shoals:1: layout_shoals, gammafunk_ghost_abyssal_escape,
          nicolae_shoals_cliffside_cave, ldierk_geyser, argonaut_gorgonesque
Shoals:2: layout_shoals
Shoals:3: layout_shoals, uniq_bai_suzhen
Shoals:4: shoals_end_grunt_garden, layout_shoals, nicolae_shoals_isolated_beach
Snake:1:  layout_basic, basic_altar
Snake:2:  layout_misc_corridors, st_stairs_3, grunt_ministairs_15,
          serial_bayou_pond_b
Snake:3:  layout_misc_corridors, guppyfry_snake_island, uniq_azrael
Snake:4:  snake_pit_salamanders_mu, layout_gridlike,
          gammafunk_ghost_wrathful_warriors
Orc:1:    layout_diamond_mine, uniq_josephine
Orc:2:    st_orc_open, layout_caves, basic_altar, uniq_snorg, uniq_rupert
Elf:1:    kennysheep_spiral_hall, layout_geoelf_diagonals, serial_shops, shop,
          nicolae_shop_behind_doors, hangedman_elf_represent
Elf:2:    layout_geoelf_diagonals
Elf:3:    minmay_elf_hall_spiked, layout_onion_city,
          gammafunk_ghost_fury_of_okawaru, serial_shops,
          nicolae_shop_overgrown_old_shop, shop, nicolae_shop_stone, shop
Vaults:1: grunt_vaults_funneled_arena, v_rooms_1, nicolae_vaults_angled_halls,
          vaults_room_octagon, vaults_dpeg_ring, nicolae_vaults_theta,
          nicolae_vaults_rhombus_5, layout_vaults_omnicross, serial_shops,
          nicolae_shop_behind_doors, uniq_nikola
Vaults:2: nicolae_vaults_mini_display_case, hangedman_vaults_capsules,
          v_alt_pattern_6, nicolae_vaults_stairing_the_circle,
          ontoclasm_vaults_loading_screen, vaults_room_ringed_pool,
          vaults_room_pools, minmay_crypt_entry_necro_gods,
          layout_vaults_omnigrid, uniq_asterion, uniq_margery
Vaults:3: vaults_room_large_hall, st_quartered_hall, v_pattern_1,
          v_alt_pattern_6, hangedman_vaults_restitches,
          nicolae_vaults_yaktaur_gun_rack, ontoclasm_vaults_decontamination,
          layout_vaults_chaotic_city, serial_shops, shop, uniq_xtahua,
          uniq_frederick
Vaults:4: v_rooms_3, v_misc_1, v_alt_pattern_1, nicolae_vaults_shelves_hall,
          nicolae_vaults_ninety_degrees, v_misc_29, nicolae_vaults_big_ls,
          st_spiral_rooms, ontoclasm_vaults_loading_screen,
          ontoclasm_vaults_ligature, grunt_vaults_swirl,
          nicolae_vaults_little_squares_6, hangedman_vaults_impose,
          ontoclasm_vaults_twist, layout_vaults_ring

Skill      XL: |  1  2  3  4  5  6  7  8  9 10 11 12 13 14 15 16 17 18 19 20 21 22 23 |
---------------+----------------------------------------------------------------------+-----
Axes           | 3 4 5 8 9 11 14 16 | 16.4
Invocations    | 3 8 11 13 15 16 17 19 20 21 22 23 24 | 24.7
Fighting       | 4 6 8 9 10 11 12 13 14 15 16 17 | 17.7
Armour         | 5 7 8 10 11 12 13 14 15 16 | 16.4
Shields        | 6 7 8 10 11 12 13 14 15 16 | 16.4
Maces & Flails | 2 4 6 8 9 10 11 | 11.1
Dodging        | 2 4 5 6 7 8 9 10 | 10.8
Long Blades    | 2 5 7 9 10 11 | 11.3
Translocations | 2 |  2.3
Spellcasting   | 2 |  2.0
Transmutations | 2 |  2.0

Action                   |  1- 3 |  4- 6 |  7- 9 | 10-12 | 13-15 | 16-18 | 19-21 | 22-24 || total
-------------------------+-------+-------+-------+-------+-------+-------+-------+-------++-------
Melee: War axe           |    85 |    66 |    24 |   272 |   474 |   637 |   394 |   321 ||  2273
       Hand axe          |       |       |   305 |   358 |       |       |       |       ||   663
       Flail             |       |       |       |    70 |    14 |     6 |       |   108 ||   198
       Broad axe         |       |       |       |       |   386 |   811 |   340 |   462 ||  1999
       Eudemon blade     |       |       |       |       |       |    14 |    62 |   121 ||   197
Invok: Draw Destruction  |       |       |     2 |    15 |    37 |    48 |    23 |    19 ||   144
       Draw Summoning    |       |       |       |     2 |    17 |    18 |     6 |     3 ||    46
       Draw Escape       |       |       |       |     1 |     5 |    13 |     5 |     1 ||    25
       Stack Five        |       |       |       |       |     1 |       |       |       ||     1
       Deal Four         |       |       |       |       |     3 |       |       |       ||     3
       Draw Stack        |       |       |       |       |     2 |     1 |     1 |     1 ||     5
       Triple Draw       |       |       |       |       |     1 |       |       |       ||     1
Evoke: Wand              |       |       |       |       |       |     2 |       |       ||     2
  Use: Potion            |       |     1 |     1 |     1 |     4 |     3 |     2 |     2 ||    14
       Scroll            |       |       |     7 |    10 |    12 |     7 |     2 |     6 ||    44
 Stab: Distracted        |       |       |       |       |     1 |     3 |       |       ||     4
       Held in net/web   |       |       |       |       |       |     2 |       |       ||     2
       Petrified         |       |       |       |       |       |    10 |       |       ||    10
       Petrifying        |       |       |       |       |       |     1 |       |       ||     1
Armor: Scale mail        |    36 |    37 |     3 |       |       |       |       |       ||    76
       Plate armour      |       |       |   140 |   306 |       |       |       |       ||   446
       Acid dragon scale |       |       |       |    69 |   171 |       |       |       ||   240
       Troll leather arm |       |       |       |       |   194 |   413 |   213 |   184 ||  1004
Dodge: Dodged            |    15 |    25 |    40 |   142 |   358 |   726 |   420 |   359 ||  2085
Block: Kite shield       |    50 |    43 |   130 |   346 |   615 |  1043 |   684 |   651 ||  3562
       Reflection        |       |       |       |       |       |   153 |    59 |    36 ||   248
       Rpst.: Eudemon blade |       |       |       |       |       |     4 |     3 |     7 ||    14

Table legend: (Time is in decaauts)
 A = Elapsed time spent in this place.
 B = Non-inter-level travel time spent in this place.
 C = Inter-level travel time spent in this place.
 D = Time resting spent in this place.
 E = Time spent auto-exploring this place.
 F = Levels seen in this place.
 G = Mean time per level.
                   A        B        C        D        E       F      G
               +--------+--------+--------+--------+--------+-----+--------+
         Total |  54899 |  51354 |   3545 |   5748 |  34171 |  40 | 1372.5 |
       Dungeon |  19750 |  18313 |   1437 |   2519 |  11818 |  15 | 1316.7 |
        Temple |    765 |    765 |      0 |    543 |    184 |   1 |  765.0 |
          Lair |  11129 |  10384 |    745 |   1516 |   7337 |   6 | 1854.8 |
        Shoals |   5667 |   5388 |    279 |    438 |   3356 |   4 | 1416.8 |
     Snake Pit |   5652 |   5373 |    279 |    242 |   3545 |   4 | 1413.0 |
  Orcish Mines |   1854 |   1650 |    204 |     41 |   1156 |   2 |  927.0 |
   Elven Halls |   3545 |   3417 |    128 |    284 |   2190 |   3 | 1181.7 |
        Vaults |   6529 |   6058 |    471 |    161 |   4584 |   4 | 1632.2 |
         Abyss |      5 |      5 |      0 |      0 |      0 |   1 |    5.0 |
               +--------+--------+--------+--------+--------+-----+--------+

Top non-repeatable levels by time:
  Lair:1: 2860 daAuts
     D:8: 2781 daAuts
     D:6: 2639 daAuts
    D:13: 2081 daAuts
  Lair:6: 1961 daAuts
 Snake:4: 1822 daAuts
Vaults:2: 1811 daAuts
Shoals:4: 1809 daAuts
  Lair:2: 1686 daAuts
Vaults:1: 1608 daAuts
Vaults:4: 1587 daAuts
  Lair:4: 1579 daAuts
Shoals:3: 1569 daAuts
  Lair:5: 1569 daAuts
Vaults:3: 1522 daAuts
